 Dungeon Crawl Stone Soup version 0.30.0-15-g856e2d3f33 (webtiles) character file.

Game seed: 10847221054680789492

404 qw the Chopper (level 6, -3/38 HPs)
             Began as a Gargoyle Fighter on May 20, 2023.
             Was an Initiate of Okawaru.
             Slain by a gnoll sergeant
             ... wielding a +0 spear of venom
              (11 damage)
             ... on level 5 of the Dungeon.
             The game lasted 00:01:33 (3059 turns).

qw the Chopper (Gargoyle Fighter)                   Turns: 3059, Time: 00:01:33

Health: -3/38      AC: 16    Str: 28    XL:     6   Next: 86%
Magic:  6/6        EV:  9    Int:  8    God:    Okawaru [......]
Gold:   293        SH:  5    Dex: 15    Spells: 5/5 levels left

rFire   . . .        Y - +1 war axe
rCold   . . .        c - +0 buckler
rNeg    + . .        j - +0 chain mail
rPois   inf          (no helmet)
rElec   +            k - +0 cloak
rCorr   .            (no gloves)
SInv    .            a - +1 pair of boots
Will    .....        (no amulet) Stlth
                     h - +6 ring of dexterity
HPRegen 0.26/turn    l - +6 ring of strength
MPRegen 0.10/turn

%: no passive effects
@: about to teleport
A: sickness immunity, AC +4, negative energy resistance 1, electricity
resistance, torment resistance 1, petrification resistance
a: Renounce Religion


You were on level 5 of the Dungeon.
You worshipped Okawaru.
Okawaru was noncommittal.
You visited 2 branches of the dungeon, and saw 6 of its levels.

You collected 293 gold pieces.


Innate Abilities, Weirdness & Mutations

You are immune to sickness and miasma.
Your stone body is resilient. (AC +4)
You are immune to poison.
You resist negative energy. (rN+)
You are resistant to electric shocks. (rElec)
You are resistant to unholy torment.
You are immune to petrification.


   Skills:
 - Level 4.0 Fighting
 + Level 5.9 Axes
 - Level 3.2 Armour
 - Level 1.4 Dodging
 - Level 3.2 Shields


You had 5 spell levels left.
You didn't know any spells.
Your spell library was empty.

Inventory:

Hand Weapons
 f - a +0 morningstar
 Y - a +1 war axe (weapon)
Armour
 a - a +1 pair of boots (worn)
 c - a +0 buckler (worn)
 j - a +0 chain mail (worn)
 k - a +0 cloak (worn)
 p - a +2 pair of boots of rampaging
Jewellery
 h - a +6 ring of dexterity (left hand)
 l - a +6 ring of strength (right hand)
Scrolls
 n - a scroll of identify
 o - a scroll of teleportation
Potions
 b - a potion of curing
 d - 2 potions of might
 e - a potion of flight {unknown}
 g - a potion of attraction {unknown}
 i - a potion of heal wounds {unknown}
 m - a potion of cancellation {unknown}

Dungeon Overview and Level Annotations

Branches:
Dungeon (5/15)             Temple (1/1) D:4

Altars:
Ashenzari
Cheibriados
Dithmenos
Elyvilon
Fedhas
Gozag
Hepliaklqana
Kikubaaqudgha
Makhleb
Okawaru
Ru
Sif Muna
Trog
Uskayaw
Wu Jian
The Shining One

Shops:
D:1 [


Message History

Deactivating autopickup; reactivate with Ctrl-A.
The adder bites you but does no damage. The iguana barely misses you.
The black bear bites you but does no damage.
The black bear claws you but does no damage.
The black bear closely misses you.
The gnoll sergeant hits you from afar with a +0 spear of venom!
You hit the black bear.
The black bear is almost dead.
You hit the iguana. You slash the adder!
You kill the adder!
Okawaru accepts your kill. You block the gnoll sergeant's attack.
The black bear goes berserk!
You block the iguana's attack.
You completely miss the black bear.
The black bear is almost dead.
You hit the iguana but do no damage. You closely miss the orc priest.
The black bear bites you but does no damage.
The black bear completely misses you.
The black bear claws you but does no damage.
The orc priest closely misses you. The gnoll sergeant closely misses you.
The iguana bites you. The black bear barely misses you.
The black bear claws you.
The black bear claws you but does no damage.
You slash the black bear!
The black bear is almost dead.
You hit the iguana. You slash the orc priest!
The black bear bites you but does no damage.
The black bear claws you but does no damage.
The black bear barely misses you. You block the orc priest's attack.
The iguana closely misses you.
The gnoll sergeant hits you but does no damage.
The black bear closely misses you. The black bear claws you.
The black bear completely misses you.
3059 ||| READING 2 scrolls of teleportation.
As you read the scroll of teleportation, it crumbles to dust.
You feel strangely unstable.
The orc priest hits you but does no damage.
The iguana bites you but does no damage.
The gnoll sergeant hits you from afar with a +0 spear of venom!
You die...

#...# +...# #...# #...#
#### #...# #...##
########## #...##.....#
....%....####...#l{.....
###.#......##...@o5[....
#.##.....##...#h......
#.##......#...##g....#
#.####........# #...##
#.############# ####
#.#.......# #.#.#####.#
#.........# ###.......#


You could see a black bear (berserk), a gnoll sergeant, an iguana, an orc priest
and a white imp.

Vanquished Creatures
  An ogre (D:4)
  3 iguanas
  Ijyb (D:4)
  Natasha (thrice) (D:2)
  6 adders
  2 worms
  A dart slug (D:4)
  6 orcs
  11 ball pythons
  2 endoplasms
  2 giant cockroaches
  5 goblins
  8 hobgoblins
  4 jackals (D:1)
  8 quokkas
  2 frilled lizards (D:2)
  3 kobolds
  5 rats
73 creatures vanquished.

Notes
Turn   | Place    | Note
-------+----------+-------------------------------------------
     0 | D:1      | qw the Gargoyle Fighter began the quest for the Orb.
     0 | D:1      | Reached XP level 1. HP: 14/14 MP: 1/1
     0 | D:1      | 0 ||| qw: Version: 0.2-a-97-g499787f
     0 | D:1      | 0 ||| qw: Game counter: 80
     0 | D:1      | 0 ||| qw: Always use a shield: true
     0 | D:1      | 0 ||| qw: God list: Okawaru
     0 | D:1      | 0 ||| qw: Allow faded altars: false
     0 | D:1      | 0 ||| qw: Do Orc after D:15 true
     0 | D:1      | 0 ||| qw: Do second Lair branch before Depths: true
     0 | D:1      | 0 ||| qw: Lair rune preference: random
     0 | D:1      | 0 ||| qw: Plans: Normal, Zot:1-4, God:TSO, Crypt, Tomb,
                  | Pan, Slime:5, Hells, Abyss, Win
     0 | D:1      | 0 ||| PLANNING D:1-11
    29 | D:1      | Reached skill level 2 in Axes
    79 | D:1      | Reached XP level 2. HP: 19/19 MP: 2/2
   292 | D:1      | 292 ||| Stepping ~*~*~tactically~*~*~ (hiding).
   499 | D:1      | Found Pogodgh's Antique Armour Boutique.
   508 | D:1      | 508 ||| SHOPLISTING chain mail (108 gold, have 90).
   508 | D:1      | 508 ||| SHOPLISTING pair of shimmering boots (228 gold,
                  | have 90).
   508 | D:1      | 508 ||| SHOPLISTING shiny ring mail (168 gold, have 90).
   665 | D:1      | Reached skill level 3 in Axes
   723 | D:1      | Reached XP level 3. HP: 23/23 MP: 3/3
   858 | D:1      | 858 ||| UPGRADING to +6 ring of dexterity.
   859 | D:1      | 859 ||| READING scroll labelled JAUBUO BAIS.
   935 | D:2      | Noticed Natasha
   938 | D:2      | Killed Natasha
   939 | D:2      | Reached skill level 1 in Dodging
  1124 | D:2      | You fall into a shaft and drop 1 floor!
  1143 | D:3      | Reached XP level 4. HP: 28/28 MP: 4/4
  1288 | D:3      | 1288 ||| UPGRADING to +0 chain mail.
  1298 | D:3      | 1298 ||| DROPPING +0 scale mail.
  1299 | D:3      | 1299 ||| UPGRADING to +0 cloak.
  1304 | D:3      | 1304 ||| READING scroll labelled POUCSE ZARE.
  1305 | D:3      | 1305 ||| READING scroll labelled OSUMEC PIBIOF.
  1324 | D:2      | Noticed Natasha
  1334 | D:2      | Killed Natasha
  1473 | D:2      | Noticed Natasha
  1474 | D:2      | 1474 ||| Stepping ~*~*~tactically~*~*~ (hiding).
  1480 | D:2      | Killed Natasha
  1481 | D:2      | Reached skill level 4 in Axes
  1481 | D:2      | Reached XP level 5. HP: 30/32 MP: 5/5
  1855 | D:2      | 1855 ||| READING scroll labelled JONUTHIDARCH.
  1856 | D:2      | 1856 ||| READING scroll labelled MAUSHR ERPHA.
  1857 | D:2      | 1857 ||| DRINKING 2 lumpy red potions.
  1858 | D:2      | 1858 ||| DROPPING potion of magic.
  1935 | D:3      | 1935 ||| DROPPING +0 club.
  1989 | D:3      | 1989 ||| DROPPING +0 whip.
  2147 | D:3      | 2147 ||| READING scroll labelled JAUMEA JEHIT.
  2151 | D:3      | 2151 ||| READING scroll labelled ZIF FIDWOGG.
  2152 | D:3      | 2152 ||| DRINKING 2 metallic cyan potions.
  2153 | D:3      | 2153 ||| DROPPING potion of brilliance.
  2180 | D:4      | Noticed an ogre
  2187 | D:4      | Killed an ogre
  2188 | D:4      | Reached skill level 5 in Axes
  2188 | D:4      | Reached XP level 6. HP: 19/37 MP: 6/6
  2302 | D:4      | Noticed Ijyb
  2316 | D:4      | Killed Ijyb
  2427 | D:4      | Found a blossoming altar of Fedhas.
  2443 | D:4      | Found an ancient bone altar of Kikubaaqudgha.
  2709 | D:4      | Found a hazy altar of Hepliaklqana.
  2759 | D:4      | Found a staircase to the Ecumenical Temple.
  2760 | D:4      | 2760 ||| PLANNING TEMPLE
  2760 | D:4      | 2760 ||| UPGRADING to +1 pair of boots.
  2765 | D:4      | 2765 ||| UPGRADING to +6 ring of strength.
  2766 | D:4      | 2766 ||| READING 2 scrolls of identify.
  2766 | D:4      | 2766 ||| IDENTIFYING viscous grey potion
  2775 | Temple   | Entered the Ecumenical Temple
  2781 | Temple   | 2781 ||| PLANNING OKAWARU WORSHIP
  2835 | Temple   | Became a worshipper of Warmaster Okawaru
  2835 | Temple   | 2835 ||| PLANNING D:1-11
  2977 | D:4      | 2977 ||| DROPPING amulet of magic regeneration.
  2997 | D:5      | Entered Level 5 of the Dungeon
  3050 | D:5      | Noticed a black bear
  3058 | D:5      | HP: 8/38 [black bear (2)]
  3059 | D:5      | 3059 ||| READING 2 scrolls of teleportation.
  3059 | D:5      | Slain by a gnoll sergeant

Levels and vault maps discovered:
D:1:      lordsloth_arrival_two_stooges, layout_basic, serial_shops, shop,
          st_stairs_8, dk_noncrumbling_3
D:2:      layout_loops_ring, chequers_serial_rivers_marsh, uniq_natasha
D:3:      layout_rooms, minmay_distorted
D:4:      layout_rooms, grunt_temple_overflow_growth_and_decay,
          nicolae_hepliaklqana_hippocampus, temple_hall, serial_forest,
          infiniplex_forest_lined_3_way, infiniplex_forest_straight_2,
          infiniplex_forest_lined_1, infiniplex_forest_clump_diagonal,
          infiniplex_forest_lined_corner, infiniplex_forest_clump_long,
          uniq_ijyb
D:5:      minmay_opposing_rooms, layout_basic, nicolae_vehumet_radiance,
          serial_shops, kennysheep_mini
Temple:   cyrus_circular_temple

Skill      XL: |  1  2  3  4  5  6 |
---------------+-------------------+-----
Axes           | 2 3 4 5 |  5.9
Dodging        | 1 |  1.4
Fighting       | 4 |  4.0
Armour         | |  3.2
Shields        | |  3.2

Action                     |  1- 3 |  4- 6 || total
---------------------------+-------+-------++-------
  Melee: War axe           |    70 |   141 ||   211
  Throw: Boomerang         |       |    20 ||    20
    Use: Scroll            |     1 |     8 ||     9
         Potion            |       |     2 ||     2
 Armour: Scale mail        |    31 |    13 ||    44
         Chain mail        |       |    76 ||    76
  Dodge: Dodged            |    30 |    59 ||    89
  Block: Buckler           |    12 |    31 ||    43

Table legend:
 A = Non-vault XP
 B = Vault XP
 C = Vault XP percentage of total XP
 D = Non-vault monster count
 E = Vault monster count
 F = Vault count percentage of total count
                 A         B        C        D         E       F
            +---------+---------+-------+---------+---------+-------
      Total |     430 |     148 |  25.6 |      65 |       8 |  11.0
            +---------+---------+-------+---------+---------+-------
        D:1 |      34 |       1 |   2.9 |      18 |       1 |   5.3
        D:2 |      90 |      35 |  28.0 |      14 |       1 |   6.7
        D:3 |      78 |      14 |  15.2 |      18 |       2 |  10.0
        D:4 |     228 |      36 |  13.6 |      15 |       1 |   6.2
        D:5 |       0 |      62 | 100.0 |       0 |       3 | 100.0
            +---------+---------+-------+---------+---------+-------
